 Dungeon Crawl Stone Soup version 0.27-a0-151-g9286b66fa0 (webtiles) character file.

Game seed: 3212057812934435318

1878 Majang the Ruffian (level 9, -11/81 HPs)
             Began as a Naga Fighter on Jan 27, 2021.
             Was a Believer of Cheibriados.
             Mangled by a boulder beetle (19 damage)
             ... on level 6 of the Dungeon.
             The game lasted 00:33:51 (6393 turns).

Majang the Ruffian (Naga Fighter)                   Turns: 6393, Time: 00:33:51

Health: -11/81     AC: 10    Str: 25    XL:     9   Next: 14%
Magic:  0/12       EV:  7    Int: 15    God:    Cheibriados [**....]
Gold:   252        SH: 10    Dex: 16    Spells: 8/12 levels left

rFire    . . .     SeeInvis +     - Unarmed
rCold    + . .     Faith    .   b - +0 kite shield
rNeg     . . .     Spirit   +   a - +0 scale mail
rPois    +         Reflect  .   (no helmet)
rElec    .         Harm     .   (no cloak)
rCorr    .         Rampage  .   i - +2 pair of gloves
Will     +....                  (no barding)
Stlth    ..........             m - amulet of guardian spirit
HPRegen  0.23/turn              p - ring of protection from cold
MPRegen  0.13/turn              (no ring)

@: attractive, very slow
A: large, see invisible, deformed body, poison resistance, slowness 2, spit
poison 1, AC +3
a: Spit Poison, Renounce Religion, Bend Time


You were on level 6 of the Dungeon.
You worshipped Cheibriados.
Cheibriados was pleased with you.
You visited 2 branches of the dungeon, and saw 8 of its levels.
You also visited: Sewer.

You collected 252 gold pieces.

Inventory:

Missiles
 g - 2 javelins (quivered)
 k - 8 boomerangs
Armour
 a - a +0 scale mail (worn)
 b - a +0 kite shield (worn)
 h - a +0 chain mail
 i - a +2 pair of gloves (worn)
Jewellery
 l - an uncursed ring of wizardry
 m - an amulet of guardian spirit (around neck)
 p - a ring of protection from cold (left hand)
Scrolls
 d - 2 scrolls of blinking
 e - 9 scrolls of identify
 j - 4 scrolls of teleportation
 o - 2 scrolls of immolation {unknown}
 q - a scroll of fear {unknown}
Potions
 f - a potion of flight
 n - a potion of magic
 r - a potion of mutation


   Skills:
 + Level 5.5 Fighting
 + Level 3.3 Armour
 + Level 2.0 Dodging
 + Level 4.6 Shields
 * Level 7.0 Unarmed Combat
 + Level 2.2 Spellcasting
 + Level 2.1 Transmutations
 + Level 2.0 Earth Magic
 + Level 2.5 Invocations


You had 8 spell levels left.
You knew the following spells:

 Your Spells              Type           Power        Failure   Level
a - Petrify               Tmut/Erth      7%           99%         4

Your spell library contained the following spells:

 Spells                   Type           Power        Failure   Level
 Magic Dart               Conj           4%           78%         1
 Blink                    Tloc           N/A          89%         2
 Call Imp                 Summ           1%           89%         2
 Slow                     Hex            1%           89%         2
 Confusing Touch          Hex            1%           98%         3
 Conjure Flame            Conj/Fire      1%           98%         3
 Gell's Gravitas          Tloc           0%           98%         3
 Mephitic Cloud           Conj/Pois/Air  1%           98%         3
 Metabolic Englaciation   Hex/Ice        0%           100%        5
 Yara's Violent Unravell  Hex/Tmut       2%           100%        5


Dungeon Overview and Level Annotations

Branches:
Dungeon (7/15)             Temple (1/1) D:6           Sewer (visited)

Altars:
Cheibriados
Elyvilon
Fedhas
Gozag
Hepliaklqana
Kikubaaqudgha
Makhleb
Nemelex Xobeh
Okawaru
Qazlal
Ru
Trog
Vehumet
Xom
Yredelemnul
Zin
Jiyva

Annotations:
D:2 1 runed translucent door, Crazy Yiuf


Innate Abilities, Weirdness & Mutations

You cannot wear boots.
Your serpentine skin is tough. (AC +3)
You have supernaturally acute eyesight. (SInv)
Armour fits poorly on your strangely shaped body.
Your system is resistant to poisons. (rPois)
You cover ground very slowly.
You can spit poison.


Message History

You block the boulder beetle's attack.
It was a potion of ambrosia.
You are confused.
You feel invigorated.
The boulder beetle bites you but does no damage.
You have got your breath back.
The boulder beetle bites you but does no damage.
The boulder beetle bites you!!
You feel less invigorated.
You feel less confused. The boulder beetle closely misses you.
The boulder beetle bites you!!
* * * LOW HITPOINT WARNING * * *
You feel better. The boulder beetle bites you!
* * * LOW HITPOINT WARNING * * *
Blink to where?
Press: ? - help, Dir - move target, f - you, p - boulder beetle
Okay, then.
The boulder beetle looks more healthy.
The boulder beetle bites you!!
You die...

#....#..(.........#
#...##............#
#...###'###.....###
#.........'.....#..
#.........#.....#..
#.........#.....#..
#.........#.....###
#.B.>.....#........
#.@.......'........
##'#####...#........
#......#####........
#......#...#........
#......'...#........
#......#...#.....###
#......#...'.....#..
#......#...#.....#..
#......#...#.....#..


You could see a boulder beetle.

Vanquished Creatures
  Menkaure (D:4)
  Purgy (Sewer)
  2 phantoms
  3 ogres
  2 necrophages (D:5)
  A sky beast (D:5)
  A bullfrog (D:5)
  A gnoll sergeant (D:6)
  2 scorpions
  A howler monkey (D:5)
  A centaur zombie (D:6)
  A jelly (D:6)
  2 bullfrog skeletons
  4 orc priests
  3 orc wizards
  3 iguanas
  A worker ant (D:3)
  A hound skeleton (D:6)
  3 gnolls (D:6)
  10 adders
  2 shadow imps (D:6)
  2 oozes
  An adder skeleton (D:4)
  2 worms
  2 dart slugs (D:3)
  6 leopard geckos
  24 orcs
  5 giant cockroaches
  5 goblins
  4 hobgoblins
  3 jackals
  8 kobolds
  2 quokkas
  2 ball pythons
  4 bats
  5 frilled lizards
  8 rats
129 creatures vanquished.

Notes
Turn   | Place    | Note
-------+----------+-------------------------------------------
     0 | D:1      | Majang the Naga Fighter began the quest for the Orb.
     0 | D:1      | Reached XP level 1. HP: 21/21 MP: 1/1
    10 | D:1      | Noticed a minotaur skeleton
    13 | D:1      | Noticed a minotaur skeleton
   205 | D:1      | Reached XP level 2. HP: 27/28 MP: 2/2
   514 | D:2      | Found a hazy altar of Hepliaklqana.
   594 | D:2      | Found a runed translucent door.
   595 | D:2      | Noticed Crazy Yiuf
   729 | D:2      | Found a faded altar of an unknown god.
   834 | D:2      | Reached XP level 3. HP: 30/34 MP: 3/3
   946 | D:2      | Reached skill level 3 in Unarmed Combat
  1609 | D:3      | Reached XP level 4. HP: 42/42 MP: 4/4
  1671 | D:3      | Reached XP level 5. HP: 42/50 MP: 5/5
  1845 | D:3      | Reached skill level 4 in Unarmed Combat
  2238 | D:3      | You fall into a shaft and drop 3 floors!
  2241 | D:6      | Reached XP level 6. HP: 57/57 MP: 6/6
  2358 | D:6      | Found a staircase to the Ecumenical Temple.
  2388 | D:6      | Noticed a necrophage
  2395 | D:5      | Entered Level 5 of the Dungeon
  2411 | D:5      | Killed a necrophage
  2412 | D:5      | Reached skill level 5 in Unarmed Combat
  2414 | D:5      | Reached XP level 7. HP: 10/66 MP: 7/7
  2816 | D:6      | Found an opulent altar of Gozag.
  3364 | Temple   | Entered the Ecumenical Temple
  3378 | Temple   | Became a worshipper of Cheibriados the Contemplative
  3556 | D:5      | Found a bloodstained altar of Trog.
  3630 | D:5      | Reached skill level 6 in Unarmed Combat
  3820 | D:4      | Reached skill level 1 in Spellcasting
  3865 | D:4      | Found a glowing drain.
  3893 | Sewer    | Entered a sewer
  3946 | Sewer    | Learned a level 4 spell: Petrify
  4057 | Sewer    | Noticed Purgy
  4068 | Sewer    | Killed Purgy
  4068 | Sewer    | Reached * piety under Cheibriados
  4069 | Sewer    | Reached skill level 5 in Fighting
  4069 | Sewer    | Reached skill level 1 in Dodging
  4069 | Sewer    | Reached skill level 1 in Invocations
  4069 | Sewer    | Reached XP level 8. HP: 67/74 MP: 7/9
  4359 | D:4      | Found an ancient bone altar of Kikubaaqudgha.
  4444 | D:4      | Noticed Menkaure
  4456 | D:4      | Killed Menkaure
  4457 | D:4      | Reached skill level 1 in Transmutations
  4475 | D:4      | Reached skill level 1 in Earth Magic
  4536 | D:4      | Found a blossoming altar of Fedhas.
  4831 | D:4      | Found an iron altar of Okawaru.
  4965 | D:5      | Found a glowing silver altar of Zin.
  4965 | D:5      | Found an opulent altar of Gozag.
  5390 | D:5      | Reached ** piety under Cheibriados
  5813 | D:6      | Reached XP level 9. HP: 79/81 MP: 10/12
  6148 | D:6      | Reached skill level 7 in Unarmed Combat
  6360 | D:7      | Noticed a boulder beetle
  6393 | D:6      | Mangled by a boulder beetle

Illustrated notes

Levels and vault maps discovered:
D:1:      shiori_arrival_whats_in_store_for_you, layout_basic
D:2:      layout_loops_ring, general_overflow_altar,
          chequers_ecumenical_altar_simple_redux, minmay_split_cup_small,
          uniq_crazy_yiuf_cottage
D:3:      layout_basic
D:4:      layout_rooms, fedhas_altar_1, kiku_gazebo_pond_becter,
          kennysheep_okawaru_gauntlet, portal_sewer_entry_f, uniq_menkaure
D:5:      layout_cave_pools, grunt_temple_overflow_gold_and_silver,
          old_standard_altar, minmay_door_square
D:6:      layout_gridville, minmay_temple_entry_statues_pillars, basic_altar,
          wad_floor_pattern_1
D:7:      layout_loops_ring, marbit_many_paths
Temple:   pf_slimified_temple

Skill      XL: |  1  2  3  4  5  6  7  8  9 |
---------------+----------------------------+-----
Unarmed Combat | 3 4 5 6 7 |  7.0
Shields        | 3 4 |  4.6
Fighting       | 4 5 |  5.5
Spellcasting   | 1 2 |  2.2
Dodging        | 1 2 |  2.0
Invocations    | 1 2 |  2.5
Transmutations | 1 2 |  2.1
Armour         | 3 |  3.3
Earth Magic    | 1 2 |  2.0

Action                   |  1- 3 |  4- 6 |  7- 9 || total
-------------------------+-------+-------+-------++-------
Melee: Unarmed           |    58 |    76 |   339 ||   473
Throw: Javelin           |       |     2 |     5 ||     7
 Abil: Spit Poison       |    27 |    16 |    53 ||    96
  Use: Scroll            |     7 |     2 |     4 ||    13
       Potion            |       |    10 |     4 ||    14
 Stab: Invisible         |       |     2 |       ||     2
Armor: Scale mail        |     5 |    21 |   187 ||   213
       Ring mail         |    20 |    13 |       ||    33
Dodge: Dodged            |    15 |    23 |   109 ||   147
Block: Kite shield       |    27 |    34 |   207 ||   268

Table legend: (Time is in decaauts)
 A = Elapsed time spent in this place.
 B = Non-inter-level travel time spent in this place.
 C = Inter-level travel time spent in this place.
 D = Time resting spent in this place.
 E = Time spent auto-exploring this place.
 F = Levels seen in this place.
 G = Mean time per level.
                   A        B        C        D        E       F      G
               +--------+--------+--------+--------+--------+-----+--------+
         Total |   8758 |   8501 |    257 |   1920 |   3836 |   9 |  973.1 |
       Dungeon |   8264 |   8007 |    257 |   1871 |   3836 |   7 | 1180.6 |
        Temple |    172 |    172 |      0 |      0 |      0 |   1 |  172.0 |
         Sewer |    322 |    322 |      0 |     49 |      0 |   1 |  322.0 |
               +--------+--------+--------+--------+--------+-----+--------+

Top non-repeatable levels by time:
     D:5: 2412 daAuts
     D:3: 1533 daAuts
     D:6: 1509 daAuts
     D:4: 1097 daAuts
     D:2: 1053 daAuts
     D:1: 642 daAuts
   Sewer: 322 daAuts
  Temple: 172 daAuts
     D:7: 15 daAuts
